[Event "Late-Titled-Tuesday-Blitz-June-18-2024"]
[Site "Chess.com"]
[Date "2024.06.18"]
[Round "6"]
[White "JAN2404"]
[Black "djano"]
[Result "0-1"]
[WhiteElo "2077"]
[BlackElo "2577"]
[TimeControl "180+1"]
[EndTime "15:10:36 PDT"]
[Termination "djano won by resignation"]

1. e4 e6 2. d4 c5 3. c3 d5 4. e5 a6 5. Nf3 Bd7 6. a3 Bb5 7. Bd3 Bxd3 8. Qxd3 Nc6 9. O-O Qb6 10. dxc5 Bxc5 11. b4 Be7 12. c4 dxc4 13. Qxc4 Nh6 14. Rd1 Nf5 15. Nc3 Rc8 16. Qe4 O-O 17. Nd5 Qb5 18.
a4 exd5 19. Qxf5 Qxb4 20. Ba3 Qe4 21. Qd7 Bxa3 22. Rxa3 Nxe5 23. Qxb7 Nc4 24. Raa1 Rfd8 25. Nd4 a5 26. Nc6 Re8 27. h3 d4 28. Re1 Qxe1+ 29. Rxe1 Rxe1+ 30. Kh2 Rce8 31. Nxd4 Nd2 32. Qd7 Nf1+ 33.
Kg1 g6 34. g4 h6 35. Nf3 R1e7 36. Qd5 Ne3 37. fxe3 Rxe3 38. Kg2 Re2+ 39. Kg3 R2e3 40. Qxa5 Rc8 41. Qa6 Rcc3 42. Qa8+ Kg7 43. a5 Ra3 44. a6 Re6 45. a7 Re7 46. Qb8 Raxa7 47. Nh4 Ra3+ 48. Nf3 Ree3 49. Qb2+ Kh7 50. Qf2 g5 51. Kg2 Rxf3 52. Qc2+ Rad3 53. Qe2 Rg3+ 54.
Kf2 Rxh3 55. Qe4+ Kg8 56. Qe8+ Kg7 57. Qe5+ Kh7 58. Qf5+ Kg8 59. Qc8+ Kg7 60. Qe8 Rhf3+ 61. Kg2 Rg3+ 62. Kf2 Rde3 63. Qa8 Rgf3+ 64. Kg2 Rf6 65. Qa1 Rf3 66. Qd4 Rf2+ 67. Kg3 Kg6 68. Qe4+ Kg7 69. Qd4 Rf3+ 70. Kg2 Rf4 71. Qe5 Rxg4+ 72. Kh3 Rf4 73. Kg3 Rf5 74. Qd4 h5 75. Kh3 Kg6 76.
Kg2 g4 77. Qd3 Kg5 78. Kg3 Rf3+ 79. Kg2 Rxd3 0-1

[Event "Late-Titled-Tuesday-Blitz-June-18-2024"]
[Site "Chess.com"]
[Date "2024.06.18"]
[Round "6"]
[White "Mysterio47"]
[Black "WilsonPalencia21"]
[Result "1/2-1/2"]
[WhiteElo "2835"]
[BlackElo "2608"]
[TimeControl "180+1"]
[EndTime "15:10:37 PDT"]
[Termination "Game drawn - insufficient material"]

1. e4 c5 2. Nf3 d6 3. d4 cxd4 4.
Nxd4 Nf6 5. Nc3 g6 6. f3 Bg7 7. Be3 O-O 8. Qd2 Nc6 9. Bc4 Ne5 10. Bb3 Bd7 11. h4 h5 12. O-O-O Rc8 13. Kb1 Re8 14. Nde2 Qa5 15. Bh6 Nc4 16. Bxc4 Rxc4 17. Bxg7 Kxg7 18. b3 Rc5 19. Nd5 Qxd2 20. Rxd2 Nxd5 21. exd5 b5 22. c3 Rec8 23. Kb2 a5 24. Rc1 a4 25. Ng3 Bf5 26. Rd4 axb3 27. axb3 R8c7 28. Nf1 Bc8 29. Ne3 Ra7 30.
Nc2 Bb7 31. Nb4 f6 32. Re1 Kf7 33. Re3 Ba8 34. Re1 Bb7 35. Rd3 Ba8 36. Ra1 Rxa1 37. Kxa1 e5 38. dxe6+ Kxe6 39. Kb2 g5 40. Rd4 gxh4 41.
Rxh4 Rg5 42. Nd3 Rxg2+ 43. Ka3 Rg5 44. Nf4+ Kf5 45. Ne2 Ke6 46. Kb4 Kd7 47. f4 Rg4 48.
Rxh5 Bf3 49. Rh7+ Kd8 50. Nd4 Rxf4 51. Kxb5 Ke8 52. Kb6 Be4 53. Ra7 Rh4 54. Ra2 f5 55. Rf2 Rh5 56. c4 Kd7 57. b4 Rh4 58. c5 dxc5 59.
bxc5 f4 60. c6+ Bxc6 61. Nxc6 Rh6 62. Rd2+ Ke6 63. Kc5 Kf5 64. Rd5+ Ke4 65. Re5+ Kd3 66. Nd4 Ra6 67. Rf5 Ra5+ 68. Nb5 Rxb5+ 69. Kxb5 Ke3 70.
Kc4 f3 71. Re5+ Kd2 72. Rd5+ Ke2 73. Re5+ Kd2 74. Rf5 Ke2 75. Kd4 f2 76. Re5+ Kd1 77. Rf5 Ke1 78. Ke3 f1=Q 79. Rxf1+ Kxf1 1/2-1/2

[Event "Late-Titled-Tuesday-Blitz-June-18-2024"]
[Site "Chess.com"]
[Date "2024.06.18"]
[Round "6"]
[White "Oleksandr_Bortnyk"]
[Black "MagnusCarlsen"]
[Result "0-1"]
[WhiteElo "3061"]
[BlackElo "3202"]
[TimeControl "180+1"]
[EndTime "15:10:43 PDT"]
[Termination "MagnusCarlsen won by resignation"]

1. e4 c5 2. Be2 Nc6 3. d3 d5 4. f4 Nf6 5. e5 Ng8 6. Nf3 Bg4 7.
Be3 e6 8. Nbd2 h5 9. Bf2 Nh6 10. c3 Nf5 11. O-O g6 12. h3 Bxf3 13. Nxf3 h4 14.
Qd2 Be7 15. Nh2 Kf8 16. Ng4 Kg7 17. Bf3 b5 18. a4 b4 19. Nf6 Rc8 20. Qe2 bxc3 21.
bxc3 Bxf6 22. exf6+ Qxf6 23. Rfc1 d4 24. c4 Nb4 25. a5 Ng3 26. Qd2 Nh5 27. Bxh5 Rxh5 28. Re1 Rb8 29. Rab1 Rhh8 30. Re5 Qe7 31. Rg5 f6 32.
Rg4 Nc6 33. Re1 Qf7 34. Qe2 Ne7 35. Bxh4 Nf5 36. Bf2 Rhe8 37. Qf3 Qb7 38. Qe2 Qc6 39. h4 Kf7 40. h5 gxh5 41. Rh4 Rh8 42. Rh2 h4 43. Qd1 Rbg8 44. Re4 Rg6 45. Qf3 Rhg8 46. Kh1 Nd6 47. f5 Nxf5 48. Bxh4 Qb7 49. Be1 R8g7 50.
Rh8 Nd6 51. Rf4 Qxf3 52. Rxf3 Rxg2 53. Bh4 Rg1+ 54. Kh2 Nf5 55. Bf2 R7g2+ 56. Kh3 Rh1+ 57. Kxg2 Rxh8 58. Kf1 Rb8 59. Rh3 Rb1+ 60. Ke2 Ra1 61. Rh7+ Ng7 62. Be1 Ra2+ 63. Bd2 e5 64. Rh8 Ne6 65.
Kd1 Kg6 66. Ra8 Nf4 67. Bxf4 exf4 68. Rxa7 f3 69. Ke1 Kf5 70. Ra6 Kf4 71. Rxf6+ Ke3 72. Re6+ Kxd3 73. a6 Kxc4 74. Rf6 Kc3 75. Rxf3+ d3 76.
Rf6 Ra1+ 77. Kf2 d2 0-1

[Event "Late-Titled-Tuesday-Blitz-June-18-2024"]
[Site "Chess.com"]
[Date "2024.06.18"]
[Round "6"]
[White "Meri-Arabidze"]
[Black "CristhianPortalR"]
[Result "1-0"]
[WhiteElo "2674"]
[BlackElo "2517"]
[TimeControl "180+1"]
[EndTime "15:10:43 PDT"]
[Termination "Meri-Arabidze won on time"]

1. c4 c6 2. Nf3 d5 3. g3 Nf6 4.
Bg2 Bf5 5. Qb3 Qb6 6. d3 Qxb3 7.
axb3 e6 8. Nh4 Bg6 9. Nxg6 hxg6 10. h4 Nbd7 11. Nc3 Nc5 12. Be3 Nxb3 13. Rxa7 Rxa7 14. Bxa7 d4 15. Ne4 Bb4+ 16. Kd1 Nxe4 17. Bxe4 f5 18. Bg2 Bc5 19. Bxc5 Nxc5 20. Kc2 Na6 21. Bf3 Kd7 22.
Rb1 Nb4+ 23. Kb3 Na6 24. Ra1 Ra8 25. Rg1 e5 26. g4 e4 27. Bh1 exd3 28. exd3 f4 29.
g5 Nc5+ 30. Kc2 Re8 31. Bf3 Rh8 32. Rg4 Ne6 33. b4 Kd6 34. Be4 Ra8 35. Kb2 Ra4 36. Kb3 Ra1 37. Bxg6 Rf1 38. h5 Rxf2 39. h6 gxh6 40.
gxh6 Rh2 41. h7 Nf8 42. Rxf4 Nxg6 43. Rf6+ Ke5 44. Rxg6 Rxh7 45. Rg5+ Kf4 46. Rg8 Ke3 47. Rg3+ Kd2 48. c5 Re7 49. Kc4 Rd7 50. Rg4 Ke3 51. Re4+ Kd2 52. Rxd4 Rh7 53. Rg4 Kc2 54. Rg2+ Kb1 55. d4 Rd7 56. Rh2 Kc1 57. Rg2 Kd1 58.
Rb2 Kc1 59. Rb3 Kc2 60. Rh3 Kb2 61. Rg3 Kc2 62. Rg2+ Kb1 63. Rg6 Kc1 64. Rd6 Rh7 65. b5 cxb5+ 66. Kxb5 Kc2 67. d5 Kc3 68. c6 bxc6+ 69. dxc6 Rh5+ 70. Kb6 Kc4 71. Rg6 Rb5+ 72. Kc7 Rh5 73. Kb7 Rb5+ 74. Kc8 1-0

[Event "Late-Titled-Tuesday-Blitz-June-18-2024"]
[Site "Chess.com"]
[Date "2024.06.18"]
[Round "6"]
[White "Chempiblinka"]
[Black "CrimeFightingSpider07"]
[Result "1-0"]
[WhiteElo "2387"]
[BlackElo "2504"]
[TimeControl "180+1"]
[EndTime "15:10:57 PDT"]
[Termination "Chempiblinka won by resignation"]

1. Nf3 Nf6 2. g3 g6 3. Bg2 Bg7 4. O-O O-O 5. c4 c5 6. Nc3 Nc6 7. d4 cxd4 8. Nxd4 Nxd4 9. Qxd4 d6 10. Qd3 Be6 11. b3 Qc7 12. Bb2 Rfd8 13. Rac1 a6 14. e4 Rac8 15. Qe2 Nd7 16. Nd5 Bxd5 17. exd5 Bxb2 18.
Qxb2 Nf6 19. Rfe1 Re8 20. Bh3 Rcd8 21. Rcd1 a5 22. Re3 Nd7 23. Rde1 Nc5 24. Qd4 Ra8 25. a4 b6 26. f4 Ra7 27. f5 Rf8 28. Qh4 f6 29. fxg6 hxg6 30. Qh6 Kf7 31. Qh7+ Ke8 32. Qxg6+ Kd8 33. Qg7 Re8 34. Bg4 e5 35. Qxf6+ Qe7 36.
Rf1 e4 37. h4 Rg8 38. Qf5 Kc7 39. h5 Raa8 40. h6 Raf8 41. Qh5 Rxf1+ 42. Kxf1 Qf6+ 43. Kg2 Rh8 44. h7 Qd4 45. Re2 e3 46. Qf7+ Kb8 47. Qf5 Ne4 48. Bf3 Nc3 49. Qe6 Qe5 50. Qxe5 dxe5 51. Rxe3 e4 52. Bxe4 Nxe4 53. Rxe4 Rxh7 54. Kf3 Kc7 55. g4 Kd6 56. g5 Rh3+ 57. Kg4 Rxb3 58. g6 Rb1 59. Kf5 Rf1+ 60. Rf4 Rg1 61. Kf6 Kd7 62. g7 Ke8 63. Re4+ Kd8 64. Kf7 Rf1+ 65.
Kg6 Kd7 66. g8=Q Rg1+ 67. Kh7 Rh1+ 68. Kg7 Rg1+ 69. Kf8 Rf1+ 70. Qf7+ Rxf7+ 71. Kxf7 Kd6 72. Kf6 Kc5 73. Rh4 Kd6 74. Rh5 Kc5 75. Rh6 Kd6 76. Kf5+ Kc5 77. Ke4 Kb4 78. Rxb6+ Kxa4 79. d6 Ka3 80. d7 a4 81. d8=Q Ka2 82. Qd2+ 1-0

[Event "Late-Titled-Tuesday-Blitz-June-18-2024"]
[Site "Chess.com"]
[Date "2024.06.18"]
[Round "6"]
[White "CFalcons8"]
[Black "simaopdias"]
[Result "1-0"]
[WhiteElo "2434"]
[BlackElo "2208"]
[TimeControl "180+1"]
[EndTime "15:11:07 PDT"]
[Termination "CFalcons8 won by resignation"]

1. d4 Nf6 2. Nf3 e6 3. c4 b6 4. g3 Ba6 5. Qc2 Bb4+ 6. Bd2 Bxd2+ 7. Nbxd2 d5 8. b3 O-O 9. Bg2 Bb7 10. O-O Nbd7 11. Rfd1 c5 12. dxc5 Nxc5 13. b4 Nce4 14. Nxe4 Nxe4 15. cxd5 exd5 16. Rac1 Rc8 17. Qb2 Rxc1 18.
Rxc1 Qd6 19. a3 h6 20. Nd4 Qf6 21. e3 Rc8 22. Rxc8+ Bxc8 23. Qc2 Bd7 24. Bxe4 dxe4 25. Qxe4 g6 26. Qa8+ Kg7 27. Qxa7 Bh3 28. Qc7 b5 29. Qc3 Kh7 30. Qc6 Qe5 31. Qf3 Qc7 32. Qc6 Qe5 33. Qb7 Kg7 34. Qf3 Qc7 35. Qd1 Qb7 36. f3 Qa6 37.
Qa1 Kh7 38. Qc3 Qa4 39. Nc2 Qa8 40. Kf2 Be6 41. Nd4 Bc4 42. e4 Qa4 43. Nc2 Qa7+ 44. Ne3 Qd7 45. Nxc4 Qc7 46. a4 bxc4 47. a5 Qc6 48. Ke3 f5 49. exf5 gxf5 50. Kd4 Qf6+ 51. Kxc4 Qc6+ 52. Kd3 Qxf3+ 53. Kc2 Qe4+ 54. Kb2 Qe2+ 55.
Ka3 Qxh2 56. a6 Qg1 57. Qd3 Kg6 58. Qc3 Qb6 59. Qc4 Kg5 60. Ka4 h5 61. b5 Qf2 62.
Ka5 Qd2+ 63. Kb6 Qd8+ 64. Qc7 Qd4+ 65. Kb7 Qe4+ 66. Ka7 Qe3+ 67. b6 h4 68. gxh4+ Kxh4 69. Ka8 f4 70. b7 Qe4 71. a7 f3 72. Qd8+ Kg3 73. Qc7+ Kg2 74. Kb8 f2 75. a8=Q f1=Q 76.
Qa2+ Qf2 77. Qxf2+ Kxf2 78. Qf7+ Ke2 79. Kc8 Qc6+ 80.
Kd8 Qb6+ 81. Qc7 Qf6+ 82. Qe7+ Qxe7+ 83. Kxe7 1-0

[Event "Late-Titled-Tuesday-Blitz-June-18-2024"]
[Site "Chess.com"]
[Date "2024.06.18"]
[Round "6"]
[White "Jospem"]
[Black "mishanick"]
[Result "0-1"]
[WhiteElo "3059"]
[BlackElo "3152"]
[TimeControl "180+1"]
[EndTime "15:11:17 PDT"]
[Termination "mishanick won by resignation"]

1. e4 c5 2. Nf3 d6 3. c3 Nf6 4. h3 Nc6 5. Bd3 g6 6. Bc2 Bg7 7. O-O e5 8. d3 O-O 9. Bg5 h6 10.
Bxf6 Bxf6 11. Bb3 Kh7 12. Nbd2 Bg7 13. a4 f5 14. Bc4 f4 15. Rb1 g5 16. b4 h5 17. b5 Na5 18. Nh2 Kg6 19. Bd5 Rh8 20. g4 hxg4 21. hxg4 Rh3 22. Kg2 Qh8 23. Rh1 Bd7 24. Ndf3 Qh6 25. Nxg5 Rxh2+ 26. Rxh2 Qxg5 27. f3 Rh8 28. Rxh8 Bxh8 29. Qe2 Qh4 30. Qf2 Qxf2+ 31. Kxf2 Bf6 32. Rh1 Kg7 33. Ke2 Be8 34. Kd2 Bd8 35.
Kc2 a6 36. Rb1 axb5 37. axb5 b6 38. c4 Bh4 39. Ra1 Bd8 40. Rh1 Bg6 41. Ra1 Bc7 42.
Be6 Bd8 43. Bf5 Bf7 44. Rh1 Bg8 45. Ra1 Bc7 46. g5 Bd8 47. g6 Be7 48. Kc3 Bd8 49.
Ra4 Bc7 50. Kc2 Kf6 51. Kc3 Be6 52. Ra1 Bg8 53. Rh1 Kg7 54. Rg1 Bd8 55. Ra1 Bc7 56. Rg1 Bd8 57. Bd7 Bh4 58. Ra1 Bf2 59. Rxa5 Be1+ 60. Kc2 Bxa5 61. Bf5 Kf6 62. Kd1 Be6 63. Ke2 Bc3 64. Kf1 Bd4 65. Kg2 Bxf5 66. exf5 e4 67.
dxe4 Kg5 68. Kh3 Bg7 69. Kh2 Kh4 70. Kg2 Kg5 71. Kh2 Kh5 72. Kg2 Bf6 73. Kh2 Kh4 74.
Kg2 Bd4 75. Kh2 Kg5 76. Kh3 Kh5 77. Kg2 Kh6 78. Kh3 Kg5 79. Kg2 Be5 80. Kh3 Kh5 81.
Kg2 Kh6 82. Kh3 Kg5 83. Kg2 Kf6 84. Kh3 d5 85. g7 Kxg7 86. exd5 Kf6 87. Kg4 Bd6 88.
Kh5 Kxf5 89. Kh6 Kf6 90. Kh7 Ke5 91. Kg6 Kd4 92. Kf5 Kxc4 93. Ke6 Bb8 0-1

[Event "Late-Titled-Tuesday-Blitz-June-18-2024"]
[Site "Chess.com"]
[Date "2024.06.18"]
[Round "6"]
[White "K-Nygren"]
[Black "azikom"]
[Result "0-1"]
[WhiteElo "2538"]
[BlackElo "2691"]
[TimeControl "180+1"]
[EndTime "15:11:21 PDT"]
[Termination "azikom won by resignation"]

1. e4 c6 2. d4 d5 3. e5 Bf5 4. Nf3 e6 5. Be2 Nd7 6. Be3 h6 7. Nc3 Ne7 8. O-O Bh7 9. Ne1 Nf5 10.
Nd3 Be7 11. Bg4 O-O 12. Ne2 c5 13. c3 Rc8 14. Ng3 Nxe3 15. fxe3 b5 16. Nf4 Kh8 17. Ngh5 Nb6 18. b3 b4 19. cxb4 cxd4 20. exd4 Bxb4 21.
Rf3 Rc3 22. Rc1 Rxf3 23. Qxf3 Be4 24. Qg3 Rg8 25. h4 Nd7 26. Rc6 Nf8 27. Bf3 Bxf3 28. gxf3 Bd2 29. Kg2 Be3 30. Rd6 Qe7 31. Ne2 Ng6 32. Kh3 Rd8 33. Rxd8+ Qxd8 34. Nxg7 Kxg7 35. h5 Qg5 36. Qxg5 Bxg5 37. hxg6 Kxg6 38. f4 Bd8 39.
Kg4 h5+ 40. Kf3 Ba5 41. a3 Be1 42. b4 Kf5 43. b5 h4 44. a4 Ba5 45. Ng1 Bc3 46.
Ne2 Be1 47. Ng1 Bc3 48. Ne2 Bb4 49. Ng1 Ba5 50. Ne2 f6 51. exf6 Kxf6 52. Kg4 Be1 53. Ng1 Kg6 54. Nf3 Bc3 55. Nxh4+ Kf7 56. Nf3 Kf6 57.
Kg3 Kf5 58. Ne5 Bxd4 59. Nc6 Bc5 60. a5 Ke4 61. b6 axb6 62. a6 b5 63. a7 Bxa7 64.
Nxa7 b4 65. Nb5 b3 66. Nc3+ Kd3 67. Na4 d4 68. Kf3 Kd2 69. Ke4 d3 70. Ke5 Kc2 71.
Kxe6 d2 72. f5 d1=Q 73. f6 Qe2+ 74. Kd7 Qd3+ 75. Ke7 Qe4+ 76. Kf8 Qxa4 77. f7 Qf4 78. Kg8 b2 79. Kh8 Qf5 80. Kg7 Qxf7+ 81. Kh8 Qf6+ 82. Kh7 Qg5 83. Kh8 Qg4 84. Kh7 b1=Q 0-1

[Event "Late-Titled-Tuesday-Blitz-June-18-2024"]
[Site "Chess.com"]
[Date "2024.06.18"]
[Round "6"]
[White "traviscottofficial"]
[Black "BerlinDrawer"]
[Result "0-1"]
[WhiteElo "2751"]
[BlackElo "2589"]
[TimeControl "180+1"]
[EndTime "15:11:24 PDT"]
[Termination "BerlinDrawer won by resignation"]

1. b3 Nf6 2. Bb2 c5 3. g3 Nc6 4.
Bg2 d5 5. Nf3 g6 6. O-O Bg7 7.
d4 Ne4 8. Nbd2 cxd4 9. Nxe4 dxe4 10. Nd2 f5 11. f3 e3 12. Nc4 O-O 13. f4 Be6 14. Na3 Bd5 15. c4 Bxg2 16. Kxg2 Qd7 17. Nc2 Rad8 18. Qd3 e5 19. fxe5 Nxe5 20. Qxd4 Qc6+ 21. Kg1 Rxd4 22. Nxd4 Qc8 23. Nb5 a6 24. Nc3 Nc6 25. Rad1 Rd8 26. Ba1 Rxd1 27. Rxd1 Bxc3 28.
Bxc3 Kf7 29. Rd6 Ke7 30. Rd3 Qe6 31. Bb2 g5 32. Rd5 h6 33. Ba3+ Ke8 34. Bc5 f4 35. Bd6 Qe4 36. gxf4 gxf4 37. Rd1 f3 38. exf3 Qxf3 39.
Rf1 Qg4+ 40. Bg3 Nd4 41. Kg2 Qe2+ 42. Bf2 exf2 43. Rxf2 Qe4+ 44. Kg3 Nf5+ 45. Kh3 Qe3+ 46. Kg2 Nh4+ 47. Kf1 Qd3+ 48. Re2+ Kd7 49. Kf2 Qf3+ 50. Ke1 Qf4 51. Rd2+ Kc6 52. Rf2 Qe3+ 53. Re2 Qc3+ 54. Kf2 Nf5 55. Re6+ Kd7 56. Re2 Qd4+ 57. Kf3 Qh4 58.
Kg2 Qg4+ 59. Kf2 h5 60. Rd2+ Kc6 61. Re2 Qf4+ 62. Kg2 h4 63. Rf2 Qg4+ 64. Kf1 h3 65. Ke1 Ne3 66. Kd2 Nf5 67. Kd3 Nh4 68. Ke3 Ng2+ 69. Kd2 Qg5+ 70. Ke2 Qe5+ 71. Kf3 Qxh2 72. Kg4 Qh1 73. Kg3 Ne1 74. Rh2 Qg1+ 75. Kxh3 Nf3 76.
Rg2 Qe3 77. Kg4 Ne5+ 78. Kh4 Qf4+ 79. Kh3 Qf5+ 80. Kg3 Qf6 81. Rf2 Qg6+ 82. Kh3 Kc5 83. Rg2 Qh5+ 84. Kg3 Kd4 85. Rf2 Qg4+ 86. Kh2 Nf3+ 87.
Rxf3 Qxf3 88. c5 Qg4 89. c6 bxc6 90. b4 Ke3 91. b5 Kf2 0-1

[Event "Late-Titled-Tuesday-Blitz-June-18-2024"]
[Site "Chess.com"]
[Date "2024.06.18"]
[Round "6"]
[White "champ2005"]
[Black "js20000"]
[Result "1/2-1/2"]
[WhiteElo "3067"]
[BlackElo "2811"]
[TimeControl "180+1"]
[EndTime "15:11:29 PDT"]
[Termination "Game drawn - insufficient material"]

1. c4 e6 2. Nf3 d5 3. d4 a6 4. g3 dxc4 5. Bg2 c5 6. O-O Nc6 7.
dxc5 Qxd1 8. Rxd1 Bxc5 9. Nbd2 c3 10. bxc3 Nf6 11. Nb3 Be7 12. c4 O-O 13. Bb2 Bd7 14. Bxf6 Bxf6 15. Rxd7 Bxa1 16. Nxa1 Rfd8 17. Rd2 Na5 18. c5 Rac8 19. Nb3 Nxb3 20. axb3 Rxd2 21. Nxd2 Rxc5 22. Bxb7 Rc2 23. Nc4 Rc3 24. Nd2 Rc2 25. Nf3 Rc3 26. Nd4 a5 27. f4 a4 28. bxa4 Rc4 29.
Nf3 Rxa4 30. Kf2 Kf8 31. Bc6 Ra5 32. Be4 h6 33. Bd3 Ke7 34. Ne5 Kf8 35. h4 Ra3 36. Be4 h5 37. Bf3 g6 38. Be4 Kg7 39. Bc6 Kf8 40. Nf3 Ke7 41. Ng5 Rc3 42. Be4 Ra3 43.
Bd3 Ra5 44. Nf3 Ra3 45. Ne5 Ra1 46. Nc4 Ra7 47. Ne5 Ra1 48. Nf3 Ra3 49. Ke3 Kf6 50.
Ne5 Ke7 51. Ke4 Ra4+ 52. Kf3 Ra3 53. Nc4 Ra1 54. e4 Ra2 55. f5 exf5 56. exf5 Kf6 57. fxg6 fxg6 58. Nd6 Ra3 59. Ke3 Ra1 60. Ne4+ Kf5 61. Kf3 Ra3 62. Nf2+ Kf6 63. Kf4 Ra5 64. Ne4+ Kg7 65. Ng5 Kf6 66. Be4 Ra1 67. Nf3 Ra5 68. Nd4 g5+ 69. hxg5+ Rxg5 70. Bf5 Rg7 71. Nf3 Ra7 72. Nh4 Ra4+ 73. Be4 Rb4 74. Ng2 Ra4 75. Ne3 Ra1 76. Nd5+ Ke6 77. Nc7+ Kf6 78. Ne8+ Kf7 79. Nd6+ Ke6 80. Nb5 Kf6 81. Nc3 Rf1+ 82. Bf3 Kg6 83. Nd5 Ra1 84. Ne7+ Kf6 85. Nd5+ Kg6 86.
Be4+ Kh6 87. Ne3 Ra7 88. Nf5+ Kg6 89. Nd6+ Kh6 90. Kf5 Ra5+ 91. Kf6 Ra6 92. Ke5 Kg5 93. Bd5 Rxd6 94. Kxd6 Kg4 95. Bf7 Kxg3 96. Bxh5 1/2-1/2

[Event "Late-Titled-Tuesday-Blitz-June-18-2024"]
[Site "Chess.com"]
[Date "2024.06.18"]
[Round "6"]
[White "Rsnr"]
[Black "AldokhinIvan"]
[Result "0-1"]
[WhiteElo "2898"]
[BlackElo "2667"]
[TimeControl "180+1"]
[EndTime "15:11:30 PDT"]
[Termination "AldokhinIvan won by resignation"]

1. d4 Nf6 2. c4 g6 3. Nf3 Bg7 4. g3 O-O 5. Bg2 d6 6. O-O Nbd7 7. Nc3 e5 8. h3 exd4 9. Nxd4 Re8 10. e4 a6 11. Be3 Rb8 12. Rc1 Ne5 13. b3 c5 14.
Nde2 b5 15. f4 Ned7 16. Qxd6 b4 17. e5 bxc3 18. Qd3 Nh5 19. g4 Nxf4 20. Bxf4 Nxe5 21. Qxd8 Rxd8 22. Nxc3 Bb7 23. Nd5 Nd3 24. Bxb8 Nxc1 25. Bc7 Rd7 26. Bb6 Bd4+ 27. Kh1 Bxd5 28. Bxd5 Ne2 29.
Re1 Nc3 30. Bf3 Nxa2 31. Re8+ Kg7 32. Rc8 Nc1 33. Bxc5 Bxc5 34. Rxc5 Nxb3 35. Rc8 a5 36. c5 a4 37. c6 Rd3 38. Ra8 Rxf3 39. c7 Rc3 40. Kg2 Rxc7 41. Rxa4 Rc2+ 42. Kg3 Nc5 43.
Ra7 Ne6 44. h4 Rc3+ 45. Kf2 h6 46. Rd7 g5 47. h5 Kf6 48. Ra7 Rc2+ 49. Ke3 Rc3+ 50.
Kf2 Rc4 51. Kf3 Rc7 52. Ra5 Ke7 53. Ra8 Rd7 54. Rh8 Nd4+ 55. Ke4 Rd6 56. Ra8 Ne6 57. Rh8 Nc5+ 58. Ke3 Nd7 59. Ra8 Nf6 60. Ra7+ Ke6 61. Ra4 Nd5+ 62. Kf3 Rc6 63. Re4+ Kf6 64. Rd4 Ke5 65.
Re4+ Kd6 66. Ra4 Rc3+ 67. Kf2 Nf4 68. Ra6+ Ke5 69. Rxh6 Ke4 70. Rf6 Rc2+ 71. Ke1 Kf3 72. Kd1 Rh2 73. Rxf7 Kxg4 74. Rg7 Rxh5 75. Ke1 Rh3 76. Kf2 Rh2+ 77. Kg1 Ra2 78. Kf1 Nh3 79. Rb7 Rf2+ 80. Ke1 Kg3 81. Rb3+ Rf3 82. Rb8 g4 83. Rg8 Nf4 84. Rg7 Re3+ 85. Kf1 Ng2 86. Re7 Rxe7 0-1

[Event "Late-Titled-Tuesday-Blitz-June-18-2024"]
[Site "Chess.com"]
[Date "2024.06.18"]
[Round "6"]
[White "Rud_Makarian"]
[Black "Zurability"]
[Result "0-1"]
[WhiteElo "3044"]
[BlackElo "2812"]
[TimeControl "180+1"]
[EndTime "15:11:58 PDT"]
[Termination "Zurability won on time"]

1. c4 e6 2. Nc3 d5 3. d4 Nf6 4. Bg5 Nbd7 5. Nf3 Be7 6. e3 h6 7. Bh4 Ne4 8. Bxe7 Qxe7 9. cxd5 Nxc3 10. bxc3 exd5 11. Bd3 O-O 12. O-O c5 13. Re1 Nf6 14. Ne5 Be6 15. a4 Rfc8 16. Qd2 Ne8 17. a5 Nd6 18. h3 Rc7 19. Rac1 Rac8 20. Nf3 Bf5 21. Bxf5 Nxf5 22. Qa2 Qe4 23. Rb1 Nd6 24. Red1 Qf5 25. Nd2 cxd4 26. cxd4 Rc2 27. Rb2 Qd3 28. Qb1 R8c6 29.
Rxc2 Rxc2 30. Nf3 Qe2 31. Rf1 Ne4 32. Qe1 Qa6 33. Qd1 Ra2 34. Ne5 Qxa5 35. Qf3 Qc7 36. Qf5 Ra6 37. g4 Rf6 38. Qh5 Nd2 39. Rd1 Ne4 40.
Rf1 Qc2 41. Qh4 Ng5 42. Qg3 Ne4 43. Qg2 a5 44. h4 a4 45. g5 hxg5 46. hxg5 Rf5 47.
f4 Qxg2+ 48. Kxg2 f6 49. gxf6 gxf6 50. Nf3 Rh5 51. Rb1 Rh7 52. Rb4 b5 53. Rxb5 Ra7 54.
Rb1 a3 55. Ra1 a2 56. Ne1 Nc3 57. Nd3 Rb7 58. Nc1 Rb1 59. Nxa2 Rxa1 60. Nxc3 Ra5 61. Kf3 Kf7 62. Ne2 Ke6 63. Ng3 Ra3 64. f5+ Kf7 65. Ne2 Ra5 66. Nf4 Kg7 67. Ne6+ Kh6 68. Kf4 Kh5 69.
Nc7 Kh6 70. Ne8 Ra6 71. Nc7 Rd6 72. Ne6 Kh5 73. Nc5 Kh4 74. Ne6 Kh5 75. Nc7 Kh6 76.
Ne6 Kh7 77. e4 dxe4 78. Kxe4 Kg8 79. Nc5 Kf7 80. Nd3 Ra6 81. Nc5 Ra1 82. Nd3 Rd1 83.
Nc5 Re1+ 84. Kf4 Ke7 85. Ne4 Rf1+ 86. Kg4 Rd1 87. Kf4 Rxd4 88. Ke3 Rd5 89. Kf4 Ra5 90. Ng3 Ra4+ 91. Kf3 Kd6 92. Ke3 Ke5 93. Kf3 Rf4+ 94. Ke3 Ra4 95. Kf3 Ra3+ 96. Kg4 Ra2 97. Kf3 Ra8 98.
Kg4 Rg8+ 99. Kf3 Rg5 100. Kf2 Kf4 101. Ne2+ Kxf5 102. Kf3 Ke5 103. Nf4 Rf5 0-1

[Event "Late-Titled-Tuesday-Blitz-June-18-2024"]
[Site "Chess.com"]
[Date "2024.06.18"]
[Round "7"]
[White "azikom"]
[Black "Rainbow2014"]
[Result "1-0"]
[WhiteElo "2695"]
[BlackElo "2507"]
[TimeControl "180+1"]
[EndTime "15:13:10 PDT"]
[Termination "azikom won by resignation"]

1. c4 e6 2. Nc3 d5 3. e3 Nf6 4. Nf3 Be7 5. b3 O-O 6. Bb2 c5 7. cxd5 Nxd5 8. d4 Nxc3 9. Bxc3 Nc6 10. dxc5 Qd4 11. Qxd4 1-0

[Event "Late-Titled-Tuesday-Blitz-June-18-2024"]
[Site "Chess.com"]
[Date "2024.06.18"]
[Round "7"]
[White "Pachonpower"]
[Black "Sanyura"]
[Result "0-1"]
[WhiteElo "2429"]
[BlackElo "2531"]
[TimeControl "180+1"]
[EndTime "15:13:43 PDT"]
[Termination "Sanyura won by resignation"]

1. d4 Nf6 2. Nf3 g6 3. Nc3 Bg7 4. Bf4 d6 5. Qd2 O-O 6. e4 c5 7. O-O-O cxd4 8. Qxd4 e5 9. Bxe5 Nc6 10. Qd2 dxe5 11.
Qg5 Qa5 12. Bc4 Ng4 13. Qh4 Qc5 14. Bb3 Qxf2 15. Qxf2 Nxf2 0-1

[Event "Late-Titled-Tuesday-Blitz-June-18-2024"]
[Site "Chess.com"]
[Date "2024.06.18"]
[Round "7"]
[White "KorolDimitriy75"]
[Black "randomo"]
[Result "1/2-1/2"]
[WhiteElo "2455"]
[BlackElo "2317"]
[TimeControl "180+1"]
[EndTime "15:14:14 PDT"]
[Termination "Game drawn by repetition"]

1. d4 Nf6 2. c4 e6 3. Nc3 Bb4 4. Qc2 Nc6 5. Nf3 d6 6. e3 Qe7 7. Be2 O-O 8. O-O Bxc3 9. Qxc3 a5 10. b3 e5 11. dxe5 dxe5 12. Bb2 Re8 13. h3 h6 14. Rfd1 Bf5 15. a3 Ne4 16. Qe1 Nc5 17. Qc3 Ne4 18. Qe1 Nc5 19. Qc3 Ne4 1/2-1/2

[Event "Late-Titled-Tuesday-Blitz-June-18-2024"]
[Site "Chess.com"]
[Date "2024.06.18"]
[Round "7"]
[White "dennisodessa"]
[Black "Yaacovn"]
[Result "1-0"]
[WhiteElo "2628"]
[BlackElo "2774"]
[TimeControl "180+1"]
[EndTime "15:14:28 PDT"]
[Termination "dennisodessa won by resignation"]

1. d4 Nf6 2. c4 e5 3. dxe5 Ne4 4. Nf3 Nc6 5. Nbd2 Bb4 6. a3 Nxd2 7. Bxd2 Bxd2+ 8. Qxd2 O-O 9. e3 Qe7 10. Qc3 Re8 11. Be2 Nxe5 12. Nxe5 Qxe5 13. Qxe5 Rxe5 14. O-O d6 15. Bf3 Bd7 16. Bxb7 Bc6 17. Bxc6 1-0

[Event "Late-Titled-Tuesday-Blitz-June-18-2024"]
[Site "Chess.com"]
[Date "2024.06.18"]
[Round "7"]
[White "djano"]
[Black "Beaterawn"]
[Result "1-0"]
[WhiteElo "2581"]
[BlackElo "2374"]
[TimeControl "180+1"]
[EndTime "15:15:07 PDT"]
[Termination "djano won by resignation"]

1. e4 c5 2. b4 cxb4 3. Bb2 d5 4. exd5 Qxd5 5. c4 Qd8 6. Nf3 Nc6 7. d4 e6 8. d5 exd5 9. cxd5 Nce7 10. d6 Nc6 11. Qe2+ Be6 12. Nbd2 Bxd6 13. Bxg7 Qd7 14. Bxh8 f6 15. Nc4 Be7 16. Rd1 Qc8 17. Qe4 Bxc4 18. Bxc4 1-0

[Event "Late-Titled-Tuesday-Blitz-June-18-2024"]
[Site "Chess.com"]
[Date "2024.06.18"]
[Round "7"]
[White "mfschulz"]
[Black "Jahonas"]
[Result "0-1"]
[WhiteElo "2195"]
[BlackElo "2397"]
[TimeControl "180+1"]
[EndTime "15:15:10 PDT"]
[Termination "Jahonas won by resignation"]

1. d4 Nf6 2. Bg5 e6 3. Nd2 d5 4. e3 Be7 5. Bd3 c6 6. Ngf3 Nbd7 7. O-O h6 8. Bh4 O-O 9. c3 b6 10. Qe2 Bb7 11. e4 dxe4 12. Nxe4 c5 13. Bxf6 Nxf6 14. Nxf6+ Bxf6 15. dxc5 bxc5 16. Rad1 Qc7 17. Bb1 Rad8 18. h3 g6 19. Nh2 h5 20. f4 Rxd1 21. Qxd1 Rd8 22.
Qe2 Qd6 23. Be4 Ba6 24. c4 Qd4+ 25. Kh1 Bxc4 26. Qf3 Bxf1 27. Nxf1 Qd1 0-1

[Event "Late-Titled-Tuesday-Blitz-June-18-2024"]
[Site "Chess.com"]
[Date "2024.06.18"]
[Round "7"]
[White "Colombiano07"]
[Black "ACollins05"]
[Result "1-0"]
[WhiteElo "2331"]
[BlackElo "2401"]
[TimeControl "180+1"]
[EndTime "15:15:33 PDT"]
[Termination "Colombiano07 won by resignation"]

1. d4 b5 2. Nf3 Bb7 3. e4 a6 4. Bd3 e6 5. Qe2 c5 6. c3 Nf6 7.
O-O Be7 8. Bg5 d6 9. Nbd2 Nbd7 10. a4 c4 11. Bc2 O-O 12. axb5 axb5 13. Rxa8 Qxa8 14.
e5 dxe5 15. dxe5 Nd5 16. Qe4 g6 17. Qh4 Bxg5 18. Nxg5 h5 19. Re1 Kg7 20. Qg3 Ne7 21. Be4 Nf5 22. Bxf5 exf5 23. e6 Nf6 24. exf7 Bd5 25.
h4 Bxf7 26. Re7 Qd8 27. Ne6+ 1-0